 Dungeon Sprint DCSS version 0.17-a0-2127-g1cb09f6 (webtiles) character file.

73182 Kidiri the Imperceptible (level 14, -25/75 HPs)
             Began as a Spriggan Enchanter on Oct 23, 2015.
             Was the Champion of Dithmenos.
             Killed from afar by a crystal guardian (30 damage)
             ... with a crystal bolt
             ... in the Dungeon (Sprint III: "The Ten Rune Challenge").
             The game lasted 00:38:27 (9642 turns).

Kidiri the Imperceptible (Spriggan Enchanter)       Turns: 9642, Time: 00:38:27

Health: -25/75     AC:  6    Str:  2    XL:     14   Next: 0%
Magic:  16/35      EV: 41    Int: 19    God:    Dithmenos [******]
Gold:   1925       SH:  0    Dex: 24    Spells: 11 memorised, 8 levels left

rFire  . . .     SeeInvis +     a - +2 dagger
rCold  . . .     Clarity  .     J - +0 robe of the Peasants {Dex+5}
rNeg   . . .     SustAt   .     (shield restricted)
rPois  .         Gourm    .     (helmet restricted)
rElec  .         Spirit   .     q - +2 cloak
rCorr  .         Warding  .     (gloves unavailable)
rMut   .         NoTele   +     (boots unavailable)
MR     ++...                    (no amulet)
Stlth  ++++++++++               (no ring)
                                (no ring)

@: wreathed by umbra, very quick, very resistant to hostile enchantments,
uncannily stealthy
A: unfitting armour, repulsion field 1, see invisible, herbivore 3, speed 3,
sense surroundings 1, screaming 1, slow metabolism 2, weak 1, MP-powered wands
a: Shadow Step, Shadow Form, Renounce Religion
}: 2/10 runes: decaying, serpentine


You were in the Dungeon.
You worshipped Dithmenos.
Dithmenos was exalted by your worship.
You were not hungry.

You visited 1 branch You collected 3283 gold pieces.
You spent 1358 gold pieces at shops.

Inventory:

Hand Weapons
 a - a +2 dagger (weapon)
 k - a +1 spear of piercing
 n - a +0 shortbow
 x - a +1 long sword of protection
Missiles
 o - 39 arrows
 p - 9 tomahawks (quivered)
Armour
 b - the +1 chain mail of the Invisible Hand {*Contam rPois Regen+ MP-9, unknown}
   (You found it in the Dungeon)

   It protects you from poison.
   It affects your magic capacity (-9).
   It causes magical contamination when unequipped.
   It increases your rate of regeneration.
 j - a +1 chain mail of magic resistance
 q - a +2 cloak (worn)
 J - the +0 robe of the Peasants (worn) {Dex+5}
   (You bought it in a shop in the Dungeon)

   It affects your dexterity (+5).
Wands
 r - a wand of enslavement (6)
 F - a wand of slowing (13)
Scrolls
 s - a scroll of torment
 t - 3 scrolls of remove curse
 u - a scroll of enchant armour
 C - a scroll of holy word
 L - 5 scrolls of identify
Potions
 e - a potion of curing
 f - a potion of agility
 g - a potion of haste
 h - a potion of magic
 i - a potion of berserk rage
 m - a potion of might
 v - 5 potions of cure mutation
 w - 3 potions of flight
 I - a potion of invisibility
Comestibles
 c - 24 royal jellies
 d - a bread ration
 l - 10 fruits


   Skills:
 + Level 9.1 Fighting
 * Level 15.5 Short Blades
 + Level 8.1 Armour
 * Level 19.5 Dodging
 * Level 21.1 Stealth
 * Level 16.8 Spellcasting
 + Level 8.0 Conjurations
 + Level 13.0 Hexes
 + Level 8.6 Ice Magic
 + Level 8.7 Air Magic
 + Level 9.9 Poison Magic
 - Level 2.4 Invocations


You had 8 spell levels left.
You knew the following spells:

 Your Spells              Type           Power        Failure   Level  Hunger
a - Corona                Hex            ######.      1%          1    None
b - Ensorcelled Hibernat  Hex/Ice        ######       1%          2    None
c - Confuse               Hex            ######..     1%          3    None
d - Tukima's Dance        Hex            ######..     1%          3    None
e - Dazzling Spray        Conj/Hex       ######..     1%          3    None
f - Cure Poison           Pois           ######....   1%          2    None
g - Mephitic Cloud        Conj/Pois/Air  #####...     1%          3    None
h - Olgreb's Toxic Radia  Pois           ######..     1%          4    None
i - Venom Bolt            Conj/Pois      ######....   2%          5    ###....
j - Poisonous Cloud       Conj/Pois/Air  #####.....   17%         6    #####..
k - Freezing Cloud        Conj/Ice/Air   #####.....   21%         6    #####..


Dungeon Overview and Level Annotations

Branches:
Dungeon (1/1)

Altars:
Cheibriados
Dithmenos
Elyvilon
Fedhas
Gozag
Kikubaaqudgha
Makhleb
Nemelex Xobeh
Okawaru
Qazlal
Ru
Sif Muna
Trog
Vehumet
Xom
Yredelemnul
Zin
The Shining One
Jiyva
Lugonu

Shops:
D (?=[}!%(:}%[(=(??(!

Annotations:
D exclusion: 4 statues


Innate Abilities, Weirdness & Mutations

You are tiny and cannot use many weapons and most armour.
You have supernaturally acute eyesight.
You are a herbivore.
You cover ground extremely quickly.
You need consume almost no food.
You are surrounded by a mild repulsion field (EV +2).
You passively map a small area around you.
You occasionally shout uncontrollably at your foes.
You are weak. (Str -2)
You expend magic power (3 MP) to strengthen your wands.


Message History

The crystal guardian is moderately damaged.
The crystal guardian fires a crystalline bolt at you.
The crystal bolt freezes you!
* * * LOW HITPOINT WARNING * * *
You hit the crystal guardian but do no damage.
The crystal guardian is moderately damaged.
Your shadow hits the crystal guardian but does no damage.
You hit the crystal guardian but do no damage.
The crystal guardian is moderately damaged.
Your shadow hits the crystal guardian but does no damage.
The crystal guardian hits you.
* * * LOW HITPOINT WARNING * * *
Unknown command.
You hit the crystal guardian but do no damage.
The crystal guardian is moderately damaged.
You hit the crystal guardian but do no damage.
The crystal guardian is moderately damaged.
The crystal guardian fires a crystalline bolt at you.
The crystal bolt freezes you!
You die...

♣♣♣##'######## * *
♣♣♣♣♣♣♣♣♣♣♣♣♣* #...'.≈§≈≈#* ,≈ ≈
..##≈≈≈≈≈≈..# ,#...#.§§≈≈#≈ *
##.#≈≈≈≈≈...# #...#.#§≈≈# ,* ≈
#.##+≈≈≈§≈#### #####.#,≈§≈#
#...#≈≈..§§§§§ #.....# ≈§≈ #
##..#≈..+##### #.....#,* ≈≈ #
#####...# #.....# * ≈≈ #
##......# #@....# , § ≈≈#
##+########### #8##### * ###
#...........###.....+ ##.#
#............##.#############..'
###########..##.#...........'..#
##...........##.#.......########
#...........###.#.....###.∩⌠⌠∩.#
#..########## #.#...###.#.∩⌠⌠∩.#
#...........###.#.###§§.#.∩∩∩∩.#


You could see a crystal guardian.

Vanquished Creatures
  Rupert (D)
  Dowan (D)
  4 azure jellies (D)
  A greater naga (D)
  Maud (D)
  A deep elf annihilator (D)
  2 dire elephants (D)
  A fire dragon (D)
  A mummy priest (D)
  A naga warrior (D)
  3 hydras (D)
  5 anacondas (D)
  Erica (D)
  A dancing weapon (D)
  2 centaur warriors (D)
  4 death yaks (D)
  An unseen horror (D)
  A lindwurm (D)
  An anubis guard (shapeshifter) (D)
  A death drake (D)
  2 deep elf summoners (D)
  2 orc knights (D)
  An ugly thing (D)
  2 crystal guardians (D)
  2 elephants (D)
  A guardian serpent (D)
  8 black mambas (D)
  Duvessa (D)
  An orange crystal statue (D)
  2 spiny frogs (D)
  A komodo dragon (D)
  A fire drake (D)
  3 wandering mushrooms (D)
  A queen bee (D)
  3 spriggan defenders (D)
  A deep elf priest (D)
  3 orc high priests (D)
  A shadow (D)
  8 blink frogs (D)
  3 redbacks (D)
  A naga (D)
  A hydra simulacrum (D)
  A spatial vortex (D)
  A swamp drake (D)
  3 orc warriors (D)
  6 water moccasins (D)
  A necrophage (D)
  2 centaurs (D)
  An earth elemental (D)
  2 brain worms (D)
  A water elemental (D)
  32 killer bees (D)
  An electric eel (D)
  2 orc priests (D)
  A jelly (D)
  Crazy Yiuf (D)
  An orc wizard (D)
  A necromancer (D)
  Jessica (D)
  A wizard (D)
  A kobold demonologist (D)
  3 humans (D)
  An adder (D)
  2 oozes (D)
  2 swamp drake simulacra (D)
  6 orcs (D)
  A rat (D)
  20 plants (D)
178 creatures vanquished.

Vanquished Creatures (collateral kills)
  2 deep elf conjurers (D)
  A deep elf priest (D)
  A naga (D)
  An orc warrior (D)
  2 orc priests (D)
  2 orcs (D)
9 creatures vanquished.

Vanquished Creatures (others)
  Gastronok (D)
  2 draconian scorchers (D)
  Nessos (D)
  A dancing weapon (D)
  4 ball lightnings (D)
  A molten gargoyle (D)
  A yaktaur (D)
  4 ballistomycetes (D)
  2 giant spores (D)
  13 plants (D)
30 creatures vanquished.

Grand Total: 217 creatures vanquished

Notes
Turn   | Place    | Note
--------------------------------------------------------------
     0 | D        | Kidiri the Spriggan Enchanter began the quest for the Orb.
     0 | D        | Reached XP level 1. HP: 9/9 MP: 5/5
    11 | D        | Reached skill level 5 in Stealth
    11 | D        | Reached XP level 2. HP: 14/14 MP: 7/7
    24 | D        | Noticed Jessica
    30 | D        | Killed Jessica
    30 | D        | Reached skill level 1 in Fighting
    30 | D        | Reached skill level 1 in Armour
    30 | D        | Reached skill level 6 in Stealth
    30 | D        | Reached XP level 3. HP: 18/18 MP: 7/9
    34 | D        | Learned a level 2 spell: Ensorcelled Hibernation
    38 | D        | Learned a level 3 spell: Confuse
    42 | D        | Learned a level 3 spell: Dazzling Spray
    66 | D        | Killed a yaktaur
    79 | D        | Noticed Crazy Yiuf
    82 | D        | Killed Crazy Yiuf
    82 | D        | Reached skill level 5 in Dodging
    86 | D        | Reached XP level 4. HP: 23/23 MP: 9/11
    91 | D        | Learned a level 3 spell: Tukima's Dance
   127 | D        | Gained mutation: You passively map a small area around you. [potion of mutation]
   127 | D        | Gained mutation: You are surrounded by a mild repulsion field (EV +2). [potion of mutation]
   128 | D        | Gained mutation: You occasionally shout uncontrollably at your foes. [potion of mutation]
   128 | D        | Gained mutation: You are weak. (Str -2) [potion of mutation]
   128 | D        | Gained mutation: You expend magic power (3 MP) to strengthen your wands. [potion of mutation]
   139 | D        | Noticed a water elemental
   141 | D        | Killed a water elemental
   141 | D        | Reached skill level 7 in Stealth
   141 | D        | Reached skill level 5 in Spellcasting
   141 | D        | Reached skill level 1 in Conjurations
   141 | D        | Reached skill level 5 in Hexes
   141 | D        | Reached skill level 1 in Ice Magic
   141 | D        | Reached XP level 5. HP: 26/26 MP: 12/14
   159 | D        | Noticed a jelly
   160 | D        | Noticed a shadow
   162 | D        | Killed a shadow
   162 | D        | Reached skill level 5 in Short Blades
   162 | D        | Reached skill level 8 in Dodging
   162 | D        | Reached skill level 9 in Stealth
   162 | D        | Reached XP level 6. HP: 30/32 MP: 14/16
   166 | D        | Killed a jelly
   178 | D        | Found a stormy altar of Qazlal.
   185 | D        | Found a sacrificial altar of Ru.
   185 | D        | Found a burning altar of Makhleb.
   185 | D        | Found a viscous altar of Jiyva.
   185 | D        | Found a shimmering altar of Xom.
   185 | D        | Found a shadowy altar of Dithmenos.
   185 | D        | Found a sparkling altar of Nemelex Xobeh.
   185 | D        | Found a corrupted altar of Lugonu.
   185 | D        | Found an opulent altar of Gozag.
   185 | D        | Noticed a spatial vortex
   189 | D        | Became a worshipper of Dithmenos the Shadowed
   190 | D        | Killed a spatial vortex
   190 | D        | Reached skill level 10 in Stealth
   190 | D        | Reached skill level 1 in Invocations
   216 | D        | Found a radiant altar of Vehumet.
   217 | D        | Found a deep blue altar of Sif Muna.
   217 | D        | Found an ancient bone altar of Kikubaaqudgha.
   217 | D        | Noticed a wizard
   218 | D        | Killed a wizard
   220 | D        | Reached * piety under Dithmenos
   229 | D        | Learned a level 2 spell: Cure Poison
   233 | D        | Learned a level 3 spell: Mephitic Cloud
   266 | D        | Found a glowing silver altar of Zin.
   267 | D        | Found a glowing golden altar of the Shining One.
   267 | D        | Found a white marble altar of Elyvilon.
   267 | D        | Noticed a deep elf priest
   269 | D        | Killed a deep elf priest
   269 | D        | Reached skill level 1 in Air Magic
   269 | D        | Reached skill level 1 in Poison Magic
   269 | D        | Reached XP level 7. HP: 36/36 MP: 17/19
   285 | D        | Found an iron altar of Okawaru.
   286 | D        | Found a bloodstained altar of Trog.
   286 | D        | Noticed a human
   286 | D        | Noticed a human
   288 | D        | Killed a human
   289 | D        | Killed a human
   289 | D        | Reached ** piety under Dithmenos
   289 | D        | Reached skill level 11 in Stealth
   293 | D        | Killed a white draconian scorcher
   303 | D        | Killed a white draconian scorcher
   309 | D        | Learned a level 4 spell: Olgreb's Toxic Radiance
   314 | D        | Found a snail-covered altar of Cheibriados.
   314 | D        | Noticed a necrophage
   315 | D        | Found a basalt altar of Yredelemnul.
   315 | D        | Found a blossoming altar of Fedhas.
   315 | D        | Noticed a necromancer
   316 | D        | Killed a necrophage
   316 | D        | Reached skill level 10 in Dodging
   316 | D        | Reached XP level 8. HP: 42/42 MP: 21/21
   317 | D        | Killed a necromancer
   380 | D        | Noticed Erica
   394 | D        | Killed Erica
   394 | D        | Reached skill level 12 in Stealth
   461 | D        | Learned a level 5 spell: Venom Bolt
   513 | D        | Noticed an earth elemental
   556 | D        | Killed an earth elemental
   783 | D        | Noticed a centaur
   783 | D        | Noticed a centaur warrior
   783 | D        | Noticed a centaur
   785 | D        | Killed a centaur warrior
   785 | D        | Reached skill level 10 in Spellcasting
   785 | D        | Reached XP level 9. HP: 46/46 MP: 18/24
   786 | D        | Killed a centaur
   786 | D        | Reached skill level 13 in Stealth
   787 | D        | Killed a centaur
   787 | D        | Reached *** piety under Dithmenos
   828 | D        | Noticed an unseen horror
   830 | D        | Killed an unseen horror
   840 | D        | Noticed a killer bee
   840 | D        | Noticed a killer bee
   840 | D        | Noticed a killer bee
   840 | D        | Noticed a killer bee
   840 | D        | Noticed a killer bee
   840 | D        | Noticed a killer bee
   840 | D        | Noticed a killer bee
   840 | D        | Noticed a killer bee
   840 | D        | Noticed a killer bee
   840 | D        | Noticed a killer bee
   840 | D        | Noticed a killer bee
   840 | D        | Noticed a killer bee
   840 | D        | Noticed a killer bee
   840 | D        | Noticed a killer bee
   840 | D        | Noticed a killer bee
   841 | D        | Noticed a killer bee
   842 | D        | Noticed a killer bee
   842 | D        | Noticed a killer bee
   842 | D        | Noticed a killer bee
   843 | D        | Noticed a killer bee
   844 | D        | Noticed a killer bee
   844 | D        | Noticed a killer bee
   844 | D        | Noticed a killer bee
   845 | D        | Noticed a killer bee
   845 | D        | Killed a killer bee
   846 | D        | Noticed a killer bee
   847 | D        | Noticed a killer bee
   848 | D        | Noticed a killer bee
   848 | D        | Noticed a killer bee
   848 | D        | Killed a killer bee
   850 | D        | Killed a killer bee
   850 | D        | Reached skill level 5 in Fighting
   851 | D        | Noticed a killer bee
   852 | D        | Noticed a killer bee
   852 | D        | Killed a killer bee
   852 | D        | Reached **** piety under Dithmenos
   853 | D        | Noticed a killer bee
   854 | D        | Killed a killer bee
   856 | D        | Noticed a killer bee
   857 | D        | Killed a killer bee
   871 | D        | Killed a killer bee
  1048 | D        | Killed a killer bee
  1050 | D        | Killed a killer bee
  1052 | D        | Killed a killer bee
  1053 | D        | Noticed a queen bee
  1055 | D        | Killed a killer bee
  1055 | D        | Reached ***** piety under Dithmenos
  1059 | D        | Killed a killer bee
  1061 | D        | Killed a killer bee
  1065 | D        | Killed a killer bee
  1068 | D        | Killed a killer bee
  1192 | D        | Killed a killer bee
  1194 | D        | Killed a killer bee
  1197 | D        | Killed a killer bee
  1197 | D        | Reached XP level 10. HP: 51/51 MP: 16/26
  1199 | D        | Killed a killer bee
  1201 | D        | Killed a killer bee
  1203 | D        | Killed a killer bee
  1203 | D        | Reached skill level 14 in Stealth
  1206 | D        | Killed a killer bee
  1208 | D        | Killed a killer bee
  1210 | D        | Killed a killer bee
  1210 | D        | Reached ****** piety under Dithmenos
  1337 | D        | Killed a killer bee
  1436 | D        | Killed a killer bee
  1438 | D        | Killed a killer bee
  1440 | D        | Killed a killer bee
  1445 | D        | Killed a queen bee
  1445 | D        | Reached skill level 10 in Short Blades
  1447 | D        | Killed a killer bee
  1449 | D        | Killed a killer bee
  1449 | D        | Reached skill level 5 in Poison Magic
  1451 | D        | Killed a killer bee
  1454 | D        | Killed a killer bee
  1609 | D        | Noticed a wandering mushroom
  1610 | D        | Noticed a wandering mushroom
  1610 | D        | Noticed a wandering mushroom
  1618 | D        | Killed a wandering mushroom
  1618 | D        | Reached skill level 5 in Ice Magic
  1755 | D        | Killed a wandering mushroom
  1755 | D        | Killed a wandering mushroom
  1857 | D        | Noticed a spiny frog
  1857 | D        | Noticed a komodo dragon
  1857 | D        | Noticed a spiny frog
  1862 | D        | Killed a komodo dragon
  1865 | D        | Killed a spiny frog
  1865 | D        | Reached skill level 5 in Armour
  1868 | D        | Killed a spiny frog
  1868 | D        | Reached skill level 5 in Conjurations
  1913 | D        | Noticed a redback
  1915 | D        | Killed a redback
  1915 | D        | Reached skill level 15 in Stealth
  1916 | D        | Noticed a brain worm
  1920 | D        | Killed a brain worm
  1923 | D        | Noticed a brain worm
  1925 | D        | Killed a brain worm
  1931 | D        | Noticed a lindwurm
  1933 | D        | Noticed a redback
  1934 | D        | Killed a lindwurm
  1936 | D        | Killed a redback
  1942 | D        | Noticed a redback
  1943 | D        | Killed a redback
  1943 | D        | Reached skill level 5 in Air Magic
  1944 | D        | Noticed Maud
  1946 | D        | Killed Maud
  1946 | D        | Reached XP level 11. HP: 56/56 MP: 28/28
  1994 | D        | Noticed an electric eel
  1995 | D        | Noticed a six-headed hydra
  1995 | D        | Noticed an eight-headed hydra
  1996 | D        | Killed an electric eel
  1998 | D        | Killed a six-headed hydra
  1999 | D        | Killed an eight-headed hydra
  1999 | D        | Reached skill level 16 in Stealth
  2037 | D        | Noticed a death drake
  2039 | D        | Killed a death drake
  2039 | D        | Reached skill level 10 in Hexes
  2059 | D        | Noticed a black mamba
  2059 | D        | Noticed a black mamba
  2059 | D        | Noticed an anaconda
  2059 | D        | Noticed an anaconda
  2059 | D        | Noticed a water moccasin
  2064 | D        | Killed an anaconda
  2067 | D        | Killed an anaconda
  2067 | D        | Reached skill level 15 in Dodging
  2071 | D        | Killed a black mamba
  2074 | D        | Killed a water moccasin
  2150 | D        | Killed a black mamba
  2156 | D        | Noticed a water moccasin
  2156 | D        | Noticed an anaconda
  2156 | D        | Noticed a black mamba
  2156 | D        | Noticed a black mamba
  2156 | D        | Noticed a water moccasin
  2156 | D        | Noticed a water moccasin
  2156 | D        | Noticed a black mamba
  2158 | D        | Killed a black mamba
  2160 | D        | Killed a black mamba
  2162 | D        | Killed a black mamba
  2164 | D        | Killed an anaconda
  2164 | D        | Reached skill level 17 in Stealth
  2166 | D        | Killed a water moccasin
  2168 | D        | Killed a water moccasin
  2169 | D        | Killed a water moccasin
  2266 | D        | Noticed a black mamba
  2266 | D        | Noticed a water moccasin
  2266 | D        | Noticed an anaconda
  2266 | D        | Noticed an anaconda
  2267 | D        | Noticed a water moccasin
  2268 | D        | Killed a black mamba
  2269 | D        | Killed an anaconda
  2271 | D        | Killed an anaconda
  2271 | D        | Reached XP level 12. HP: 63/63 MP: 25/30
  2272 | D        | Killed a water moccasin
  2274 | D        | Killed a water moccasin
  2318 | D        | Noticed a naga
  2318 | D        | Noticed a naga
  2319 | D        | Noticed a naga warrior
  2319 | D        | Noticed a greater naga
  2319 | D        | Found Caotih's Antique Armour Shop.
  2319 | D        | Found Butumoni's Gadget Shoppe.
  2320 | D        | Killed a naga
  2321 | D        | Found Lalapnocselo's Distillery.
  2327 | D        | Killed a naga
  2663 | D        | Killed a greater naga
  2776 | D        | Killed a naga warrior
  2839 | D        | Noticed a guardian serpent
  2841 | D        | Killed a guardian serpent
  2845 | D        | Got a serpentine rune of Zot
  2928 | D        | Noticed a swamp drake
  2928 | D        | Noticed a fire drake
  2935 | D        | Killed a fire drake
  2967 | D        | Killed a swamp drake
  3122 | D        | Noticed a blink frog
  3123 | D        | Noticed a blink frog
  3123 | D        | Noticed a blink frog
  3123 | D        | Noticed a blink frog
  3125 | D        | Noticed a blink frog
  3130 | D        | Killed a blink frog
  3130 | D        | Reached skill level 18 in Stealth
  3132 | D        | Killed a blink frog
  3134 | D        | Killed a blink frog
  3138 | D        | Killed a blink frog
  3146 | D        | Killed a blink frog
  3239 | D        | Noticed Rupert
  3244 | D        | Killed Rupert
  3264 | D        | Noticed a death yak
  3265 | D        | Noticed a death yak
  3265 | D        | Noticed a blink frog
  3266 | D        | Noticed an azure jelly
  3266 | D        | Noticed a death yak
  3266 | D        | Noticed an azure jelly
  3266 | D        | Noticed a blink frog
  3266 | D        | Noticed a death yak
  3274 | D        | Noticed a blink frog
  3276 | D        | Killed a death yak
  3287 | D        | Killed a death yak
  3468 | D        | Killed a death yak
  3469 | D        | Killed a blink frog
  3474 | D        | Killed a death yak
  3609 | D        | Killed a blink frog
  3614 | D        | Killed a blink frog
  3615 | D        | Noticed a black mamba
  3616 | D        | Noticed a black mamba
  3618 | D        | Killed a black mamba
  3618 | D        | Reached skill level 15 in Spellcasting
  3619 | D        | Killed a black mamba
  3701 | D        | Found Peisux's Antique Weapon Shoppe.
  3702 | D        | Found Tyetapn's Magic Scroll Boutique.
  3725 | D        | Found Idwaojud's Jewellery Emporium.
  3898 | D        | Noticed an azure jelly
  3898 | D        | Noticed an azure jelly
  3899 | D        | Noticed an elephant
  3899 | D        | Noticed an elephant
  3899 | D        | Noticed a dire elephant
  3899 | D        | Noticed a dire elephant
  3899 | D        | Noticed Gastronok
  3910 | D        | HP: 3/64 [Gastronok/the air (41)]
  3922 | D        | Killed a dire elephant
  3922 | D        | Reached skill level 19 in Stealth
  4496 | D        | Killed a dire elephant
  4496 | D        | Reached XP level 13. HP: 68/68 MP: 24/33
  4499 | D        | Killed an elephant
  4553 | D        | Killed an elephant
  4759 | D        | Killed Gastronok
  5598 | D        | Found Ugoppeeb's Food Boutique.
  5598 | D        | Noticed an orc knight
  5598 | D        | Noticed an orc priest
  5598 | D        | Noticed an orc knight
  5598 | D        | Noticed an orc warrior
  5598 | D        | Noticed an orc warrior
  5599 | D        | Noticed an orc priest
  5599 | D        | Noticed an orc warrior
  5599 | D        | Noticed an orc warrior
  5599 | D        | Noticed an orc wizard
  5600 | D        | Noticed an orc priest
  5606 | D        | Killed an orc wizard
  5609 | D        | Killed an orc knight
  5612 | D        | Killed an orc warrior
  5612 | D        | Killed an orc priest
  5616 | D        | Killed an orc knight
  5616 | D        | Killed an orc warrior
  5617 | D        | Killed an orc priest
  5620 | D        | Killed an orc warrior
  5626 | D        | Killed an orc warrior
  5628 | D        | Killed an orc priest
  5891 | D        | Noticed a deep elf summoner
  5891 | D        | Noticed a deep elf conjurer
  5891 | D        | Noticed a deep elf summoner
  5891 | D        | Noticed a deep elf conjurer
  5891 | D        | Noticed a deep elf priest
  5911 | D        | Killed a deep elf conjurer
  5914 | D        | Killed a deep elf conjurer
  5922 | D        | Killed a deep elf summoner
  5924 | D        | Killed a deep elf priest
  5939 | D        | Killed a deep elf summoner
  6053 | D        | Noticed a deep elf annihilator
  6057 | D        | Noticed a deep elf conjurer
  6058 | D        | Noticed a deep elf blademaster
  6060 | D        | Noticed a deep elf annihilator
  6061 | D        | Noticed a deep elf annihilator
  6062 | D        | Killed a deep elf annihilator
  6346 | D        | Bought a potion of heal wounds for 70 gold pieces
  6346 | D        | Bought a potion of heal wounds for 70 gold pieces
  6346 | D        | Bought a potion of heal wounds for 70 gold pieces
  6462 | D        | HP: 1/68 [azure jelly (28)]
  6833 | D        | Killed an azure jelly
  6950 | D        | Killed an azure jelly
  7000 | D        | Killed an azure jelly
  7000 | D        | Reached skill level 20 in Stealth
  7019 | D        | Killed an azure jelly
  7310 | D        | Bought a scroll of identify for 20 gold pieces
  7310 | D        | Bought a scroll of holy word for 75 gold pieces
  7456 | D        | Noticed a five-headed hydra
  7456 | D        | Noticed a six-headed hydra simulacrum
  7458 | D        | Killed a five-headed hydra
  7460 | D        | Killed a six-headed hydra simulacrum
  7463 | D        | Got a decaying rune of Zot
  7790 | D        | Noticed Dowan
  7790 | D        | Noticed Duvessa
  7792 | D        | Killed Dowan
  7792 | D        | Reached skill level 15 in Short Blades
  7813 | D        | Killed Duvessa
  8044 | D        | Noticed an orc high priest
  8044 | D        | Noticed an orc high priest
  8045 | D        | Noticed an orc high priest
  8045 | D        | Noticed an orc priest
  8048 | D        | Killed an orc priest
  8050 | D        | Killed an orc high priest
  8055 | D        | Killed an orc high priest
  8060 | D        | Killed an orc high priest
  8556 | D        | Noticed a spriggan defender
  8557 | D        | Noticed a spriggan defender
  8557 | D        | Noticed a spriggan defender
  8557 | D        | Noticed a spriggan defender
  8565 | D        | Killed a spriggan defender
  8567 | D        | Killed a spriggan defender
  8577 | D        | Killed a spriggan defender
  8961 | D        | Noticed an orange crystal statue
  8971 | D        | Killed an orange crystal statue
  8983 | D        | Found Zaunisen's Antique Weapon Emporium.
  8983 | D        | Found Jodugg's Antique Weapon Shop.
  8983 | D        | Found Xoemihomn's Food Boutique.
  8983 | D        | Found Zaxuqye's Distillery.
  8983 | D        | Found Cistrev's Antique Armour Boutique.
  8983 | D        | Found Niucras's Jewellery Emporium.
  8983 | D        | Found Mupicia's Gadget Shoppe.
  8983 | D        | Found Hyeph's Weapon Shop.
  8983 | D        | Found Lanteafy's Book Shop.
  8983 | D        | Found Filaum's Magic Scroll Emporium.
  8983 | D        | Found Oparchem's Antique Weapon Emporium.
  8983 | D        | Found Jiqinwir's Magic Scroll Boutique.
  9003 | D        | Bought a wizard robe for 176 gold pieces
  9013 | D        | Identified the +0 robe of the Peasants {Dex+5} (You bought it in a shop in the Dungeon)
  9020 | D        | Bought a scroll of enchant armour for 82 gold pieces
  9020 | D        | Bought a scroll of identify for 22 gold pieces
  9020 | D        | Bought a scroll of remove curse for 33 gold pieces
  9020 | D        | Bought a scroll of enchant weapon for 82 gold pieces
  9020 | D        | Bought a scroll of enchant armour for 82 gold pieces
  9020 | D        | Bought a scroll of identify for 22 gold pieces
  9025 | D        | Bought a scroll of identify for 26 gold pieces
  9025 | D        | Bought a scroll of identify for 26 gold pieces
  9025 | D        | Bought a scroll of identify for 26 gold pieces
  9025 | D        | Bought a scroll of identify for 26 gold pieces
  9044 | D        | Bought a book of Clouds for 450 gold pieces
  9051 | D        | Learned a level 6 spell: Poisonous Cloud
  9058 | D        | Learned a level 6 spell: Freezing Cloud
  9292 | D        | Got a brightly glowing chain mail
  9302 | D        | Noticed a brown ugly thing
  9313 | D        | Killed a brown ugly thing
  9336 | D        | Noticed a centaur warrior
  9340 | D        | Killed a centaur warrior
  9360 | D        | Noticed an anubis guard
  9361 | D        | Noticed a fire dragon
  9362 | D        | Killed an anubis guard
  9366 | D        | Killed a fire dragon
  9405 | D        | Noticed a halberd of chopping
  9405 | D        | Noticed a halberd of chopping
  9405 | D        | Noticed a vampiric glaive
  9405 | D        | Noticed a long sword of protection
  9440 | D        | Killed a long sword of protection
  9440 | D        | Reached skill level 21 in Stealth
  9440 | D        | Killed Nessos
  9455 | D        | Killed a ball lightning
  9455 | D        | Killed a ball lightning
  9463 | D        | Killed a ball lightning
  9466 | D        | Noticed a mummy priest
  9478 | D        | Killed a mummy priest
  9551 | D        | Noticed a crystal guardian
  9551 | D        | Noticed a crystal guardian
  9551 | D        | Noticed a crystal guardian
  9551 | D        | Noticed a crystal guardian
  9552 | D        | Killed a crystal guardian
  9555 | D        | Noticed a fire elementalist statue
  9555 | D        | Noticed a water elementalist statue
  9555 | D        | Noticed an earth elementalist statue
  9555 | D        | Noticed an air elementalist statue
  9556 | D        | Killed a crystal guardian
  9556 | D        | Reached XP level 14. HP: 51/75 MP: 30/35
  9557 | D        | Noticed a ball lightning
  9558 | D        | Killed a ball lightning
  9640 | D        | Killed a molten gargoyle
  9642 | D        | Killed from afar by a crystal guardian

Vault maps used:
D:        dungeon_sprint_mu

Action                   |  1- 3 |  4- 6 |  7- 9 | 10-12 | 13-15 || total
-------------------------+-------+-------+-------+-------+-------++-------
Melee: Dagger            |     8 |     7 |    77 |   122 |  1453 ||  1667
 Cast: Dazzling Spray    |       |       |     7 |    44 |    77 ||   128
       Confuse           |       |       |     3 |     5 |     2 ||    10
       Ensorcelled Hiber |       |       |    30 |    50 |    11 ||    91
       Venom Bolt        |       |       |       |     4 |     1 ||     5
       Tukima's Dance    |       |       |       |     6 |     9 ||    15
       Olgreb's Toxic Ra |       |       |       |       |     3 ||     3
       Cure Poison       |       |       |       |       |     2 ||     2
       Freezing Cloud    |       |       |       |       |     1 ||     1
Invok: Shadow Step       |       |       |     1 |    14 |     7 ||    22
  Use: Potion            |       |     2 |     1 |     1 |     6 ||    10
       Scroll            |       |     2 |       |       |     6 ||     8
 Stab: Sleeping          |     5 |     7 |    25 |    60 |    12 ||   109
       Confused          |       |       |     2 |     1 |     1 ||     4
       Invisible         |       |       |       |    14 |     7 ||    21
       Distracted        |       |       |       |       |     2 ||     2
  Eat: Fruit             |       |       |       |     1 |     1 ||     2
       Royal jelly       |       |       |       |     2 |       ||     2
       Bread ration      |       |       |       |       |     1 ||     1
